 Dungeon Crawl Stone Soup version 0.25.0-11-g1f837a7 (webtiles) character file.

Game seed: 11696097929155457345

840 vertexvortex the Frost Mage (level 8, 0/60 HPs)
             Began as a Human Ice Elementalist on June 26, 2020.
             Killed by nerve-wracking pain
             ... invoked by Menkaure
              (9 damage)
             ... on level 6 of the Dungeon.
             The game lasted 00:16:53 (5116 turns).

vertexvortex the Frost Mage (HuIE)                  Turns: 5116, Time: 00:16:54

Health: 0/60       AC:  8    Str:  9    XL:     8   Next: 19%
Magic:  3/11       EV: 12    Int: 17    God:
Gold:   169        SH:  0    Dex: 14    Spells: 3/11 levels left

rFire    . . .     SeeInvis .   m - +2 dagger (venom)
rCold    + . .     Gourm    .   (no shield)
rNeg     . . .     Faith    .   s - +2 robe {rC+}
rPois    +         Spirit   .   t - +2 helmet
rElec    .         Reflect  .   e - +0 cloak
rCorr    .         Harm     .   (no gloves)
MR       .....                  (no boots)
Stlth    ++........             i - amulet of the acrobat
HPRegen  0.20/turn              l - ring of poison resistance
MPRegen  0.12/turn              (no ring)

@: about to teleport, very slightly contaminated
A: no striking features
a: no special abilities


You were on level 6 of the Dungeon.
You were hungry.

You visited 1 branch of the dungeon, and saw 6 of its levels.

You collected 169 gold pieces.

Inventory:

Hand Weapons
 b - a +0 spear
 m - a +2 dagger of venom (weapon)
 z - a +0 shortbow
 D - a +0 flail of protection
 G - a +0 hunting sling
Missiles
 f - 63 bolts
 g - 4 silver boomerangs
 j - 19 poisoned darts (quivered)
 k - 63 arrows
 o - 2 curare-tipped darts
 q - 39 sling bullets
 y - 52 stones
 B - 10 boomerangs
Armour
 a - a +0 robe
 e - a +0 cloak (worn)
 s - a +2 robe of cold resistance (worn)
 t - a +2 helmet (worn)
 u - a +0 leather armour of poison resistance
 E - a +1 leather armour of poison resistance
Jewellery
 i - an amulet of the acrobat (around neck)
 l - a ring of poison resistance (left hand)
Wands
 F - a wand of random effects (32)
Scrolls
 r - a scroll of blinking
 x - 5 scrolls of identify
 H - 2 scrolls of enchant armour {unknown}
Potions
 d - a potion of haste {unknown}
 p - a potion of curing
 v - a potion of berserk rage {unknown}
 w - a potion of resistance {unknown}
 A - a potion of magic {unknown}
 I - a potion of ambrosia {unknown}
 J - a potion of might {unknown}
Comestibles
 c - 7 rations


   Skills:
 - Level 4.0 Fighting
 - Level 0.1 Short Blades
 + Level 1.0 Slings
 + Level 1.1 Bows
 - Level 2.0 Dodging
 - Level 2.0 Stealth
 - Level 2.0 Spellcasting
 + Level 1.2 Summonings
 - Level 8.0 Ice Magic
 + Level 1.1 Evocations


You had 3 spell levels left.
You knew the following spells:

 Your Spells              Type           Power        Failure   Level  Hunger
a - Freeze                Ice            ####         1%          1    #......
b - Frozen Ramparts       Ice            ####..       1%          3    ###....
c - Summon Ice Beast      Ice/Summ       ###.....     28%         4    #####..

Your spell library contained the following spells:

 Spells                   Type           Power        Failure   Level  Hunger
 Ozocubu's Armour         Chrm/Ice       ###.....     11%         3    ###....
 Hailstorm                Conj/Ice       ###.....     36%         4    #####..


Dungeon Overview and Level Annotations

Branches:
Dungeon (6/15)
 Temple: D:4-7

Altars:

Shops:
D:5 *

Annotations:
D:6 Menkaure


Message History

The orc shouts!
You hear a shout! x2
The jackal barely misses you. The jackal completely misses you.
You hear a shout!
An orc comes into view. It is wielding a +2 vorpal war axe.
The orc shouts!
The worker ant waves its antennae.
The orc throws a stone.
The stone hits you.
* * * LOW HITPOINT WARNING * * *
The orc wizard casts a spell.
The orc wizard blinks!
You see here a stone.
Blink to where?
Press: ? - help, Dir - move target cursor
As you read the scroll of blinking, it crumbles to dust.
As you read the scroll of teleportation, it crumbles to dust.
You feel strangely unstable.
The orc jeers loudly, as Orcs often do.
Menkaure points at you and mumbles some strange words.
Pain shoots through your body!
You die...

......<.)###..........##......8.
.........##...........#..##...⌠.
..... #......#........##........
..... ##..#..##........#.# ....
.....##..##...##.........##.###
..........##.#####........?..#
..........##..####.......#.$##.#
..........#....##....M..ah......
......÷<.....#..@...?###.###...
..........####.......#.#..#
####......# #....oo...h.##
#.......# ##........#.#
###.##..# .........### ## ####
........o.# ...###..o.. ....
#...... .......


You could see Menkaure (fast), an orc wizard, 3 orcs and a jackal.

Vanquished Creatures
  Edmund (D:5)
  A centaur (D:3)
  A scorpion (D:4)
  A crimson imp (D:5)
  A centaur zombie (D:5)
  3 hounds
  A bullfrog skeleton (D:6)
  4 orc wizards
  3 orc priests (D:5)
  An iguana (D:5)
  A worker ant (D:4)
  3 gnolls (D:3)
  5 adders
  An ooze (D:4)
  An adder skeleton (D:4)
  4 worms
  4 leopard geckos
  13 orcs
  A ball python (D:1)
  4 giant cockroaches
  2 goblins (D:3)
  4 hobgoblins
  A quokka (D:3)
  8 bats
  8 frilled lizards
  3 kobolds (D:3)
  A leopard gecko skeleton (D:6)
  3 rats
84 creatures vanquished.

Notes
Turn   | Place    | Note
-------+----------+-------------------------------------------
     0 | D:1      | vertexvortex the Human Ice Elementalist began the quest for
                  | the Orb.
     0 | D:1      | Reached XP level 1. HP: 13/13 MP: 3/3
   446 | D:1      | Reached XP level 2. HP: 20/20 MP: 5/5
   828 | D:1      | You fall into a shaft and drop 1 floor!
  1542 | D:3      | Reached skill level 1 in Fighting
  1542 | D:3      | Reached XP level 3. HP: 21/26 MP: 6/6
  1566 | D:3      | Learned a level 3 spell: Frozen Ramparts
  1707 | D:3      | Reached skill level 5 in Ice Magic
  1719 | D:3      | Reached XP level 4. HP: 32/32 MP: 4/7
  2348 | D:3      | Noticed a centaur
  2360 | D:3      | Killed a centaur
  2360 | D:3      | Reached skill level 6 in Ice Magic
  2360 | D:3      | Reached XP level 5. HP: 36/38 MP: 1/8
  2366 | D:3      | Learned a level 4 spell: Summon Ice Beast
  2727 | D:4      | Reached XP level 6. HP: 44/45 MP: 4/9
  3606 | D:5      | Entered Level 5 of the Dungeon
  3645 | D:5      | Reached skill level 7 in Ice Magic
  3738 | D:5      | Reached XP level 7. HP: 52/52 MP: 3/10
  3767 | D:5      | Noticed Edmund
  3787 | D:5      | Killed Edmund
  4150 | D:5      | Reached skill level 8 in Ice Magic
  4257 | D:5      | Found Wahisy's Assorted Antiques.
  4294 | D:5      | Reached XP level 8. HP: 60/60 MP: 7/11
  4823 | D:5      | Reached skill level 1 in Bows
  4823 | D:5      | Reached skill level 1 in Summonings
  4869 | D:6      | Reached skill level 1 in Evocations
  4933 | D:6      | Reached skill level 1 in Slings
  5075 | D:6      | Noticed Menkaure
  5084 | D:6      | Noticed a nameless horror
  5116 | D:6      | Killed from afar by Menkaure

Illustrated notes

Levels and vault maps discovered:
D:1:      minmay_arrival_split_and_join, layout_basic
D:2:      layout_basic, nicolae_overflow_hidden_temple
D:3:      wander_river, layout_loops_corners, first_ration,
          minmay_misc_feat_rugged
D:4:      layout_basic
D:5:      layout_basic, serial_shops, nicolae_shop_window_shopping, uniq_edmund
D:6:      minmay_diamond_boxcup, layout_cave_pools,
          minmay_temple_entry_drinking_statues, uniq_menkaure

Skill      XL: |  1  2  3  4  5  6  7  8 |
---------------+-------------------------+-----
Fighting       | 1 2 3 4 |  4.0
Ice Magic      | 5 6 7 8 |  8.0
Bows           | 1 |  1.1
Summonings     | 1 |  1.2
Evocations     | 1 |  1.1
Slings         | 1 |  1.0
Short Blades   | |  0.1
Dodging        | |  2.0
Stealth        | |  2.0
Spellcasting   | |  2.0

Action                   |  1- 3 |  4- 6 |  7- 9 || total
-------------------------+-------+-------+-------++-------
Melee: Spear             |    10 |       |       ||    10
       Unarmed           |     3 |       |       ||     3
       Dagger            |    33 |    70 |    85 ||   188
       Flail             |       |       |     6 ||     6
Throw: Dart              |       |       |     2 ||     2
 Cast: Freeze            |     4 |     9 |     6 ||    19
       Frozen Ramparts   |     1 |     8 |     3 ||    12
       Summon Ice Beast  |       |       |     1 ||     1
  Use: Scroll            |       |     7 |     4 ||    11
       Potion            |       |       |     4 ||     4
 Stab: Sleeping          |     2 |     3 |       ||     5
       Distracted        |       |       |     1 ||     1
  Eat: Chunk             |     2 |     7 |     6 ||    15
Armor: Robe              |    11 |    23 |    29 ||    63
Dodge: Dodged            |    49 |    61 |    59 ||   169
